 Dungeon Crawl Stone Soup version 0.17.0-7-gfadd4cc (webtiles) character file.

37 oplop the Ducker (level 3, 0/36 HPs)
             Began as an Ogre Arcane Marksman on Nov 8, 2015.
             Succumbed to an adder's poison
             ... on level 2 of the Dungeon.
             The game lasted 00:03:09 (1036 turns).

oplop the Ducker (Ogre Arcane Marksman)             Turns: 1036, Time: 00:03:09

Health: 0/36       AC:  3    Str: 17    XL:     3   Next: 41%
Magic:  4/4        EV: 15    Int: 12    God:
Gold:   46         SH:  0    Dex: 14    Spells: 1 memorised, 3 levels left

rFire  . . .     SeeInvis .     j - +0 club
rCold  . . .     Clarity  .     c - +0 robe
rNeg   . . .     SustAt   .     (no shield)
rPois  .         Gourm    +     (helmet restricted)
rElec  .         Spirit   .     (no cloak)
rCorr  .         Warding  .     (gloves unavailable)
rMut   .         Stasis   .     (boots unavailable)
MR     .....                    o - amulet of the gourmand
Stlth  ++........               (no ring)
                                (no ring)

@: agile, lethally poisoned (0 -> -8), not resistant to hostile enchantments,
unstealthy
A: unfitting armour, tough skin 1
a: no special abilities


You were on level 2 of the Dungeon.
You were hungry.

You visited 1 branch of the dungeon, and saw 2 of its levels.

You collected 46 gold pieces.

Inventory:

Hand Weapons
 j - a +0 club (weapon)
Missiles
 a - 3 large rocks
 b - 2 throwing nets
 h - 46 stones (quivered)
Armour
 c - a +0 robe (worn)
Jewellery
 o - an amulet of the gourmand (around neck)
Scrolls
 f - a scroll of fear {unknown}
 g - a scroll of recharging {unknown}
 i - 2 scrolls of random uselessness {unknown}
 l - a scroll of noise {unknown}
 m - a scroll of identify {unknown}
 n - a scroll of enchant weapon {unknown}
Books
 d - a book of Debilitation

   Spells                             Type                      Level
   a - Corona                         Hexes                        1
   b - Slow                           Hexes                        2
   c - Gell's Gravitas                Hexes/Translocation          3
   d - Inner Flame                    Hexes/Fire                   3
   e - Cause Fear                     Hexes                        4
   f - Leda's Liquefaction            Hexes/Earth                  4
Comestibles
 e - a bread ration


   Skills:
 + Level 2.5 Fighting
 + Level 1.0 Maces & Flails
 + Level 2.3 Throwing
 + Level 2.5 Dodging
 - Level 1.2 Spellcasting
 - Level 2.1 Hexes


You had 3 spell levels left.
You knew the following spells:

 Your Spells              Type           Power        Failure   Level  Hunger
a - Corona                Hex            #......      14%         1    ##.....


Dungeon Overview and Level Annotations

Branches:
Dungeon (2/15)

Altars:
Kikubaaqudgha


Innate Abilities, Weirdness & Mutations

You are too large for most types of armour.
You have tough skin (AC +1).


Message History

It was a potion of agility.
You feel agile all of a sudden.
* * * LOW HITPOINT WARNING * * *
You feel sick. The adder barely misses you. The adder barely misses you.
Unknown command.
You miss the adder.
The adder is severely wounded.
* * * LOW HITPOINT WARNING * * *
You feel sick. The adder misses you.
You hit the adder.
The adder is almost dead.
* * * LOW HITPOINT WARNING * * *
You feel sick. The adder bites you but does no damage. The adder bites you.
* * * LOW HITPOINT WARNING * * *
You hit the adder.
You kill the adder!
Your Maces & Flails skill increases to level 1!
* * * LOW HITPOINT WARNING * * *
You feel sick.
You die...

..#..........
..............
.##?...........#
...<.#........# .
###..#.$........## ...
#................##
....##................#.
...(....................
#((@.....###........
##.......###........
#........#....#....
#..................
#......##...####....
#....####....# #....
#...... #..#.## #....
#......##.#..# #..>.
#...........# #....


There were no monsters in sight!

Vanquished Creatures
  2 adders (D:2)
  3 giant cockroaches
  A goblin (D:2)
  3 hobgoblins (D:1)
  4 kobolds
  A ball python (D:1)
  A bat (D:1)
  A giant gecko (D:1)
  A giant newt (D:1)
  2 rats
19 creatures vanquished.

Notes
Turn   | Place    | Note
--------------------------------------------------------------
     0 | D:1      | oplop the Ogre Arcane Marksman began the quest for the Orb.
     0 | D:1      | Reached XP level 1. HP: 19/19 MP: 2/2
   527 | D:1      | Reached XP level 2. HP: 23/28 MP: 3/3
   877 | D:2      | Found an ancient bone altar of Kikubaaqudgha.
   892 | D:2      | Reached XP level 3. HP: 26/36 MP: 4/4
  1035 | D:2      | Reached skill level 1 in Maces & Flails
  1035 | D:2      | HP: 1/36 [poisoned by an adder]
  1036 | D:2      | Succumbed to an adder's poison

Action                   || total
-------------------------++-------
Melee: Unarmed           ||    35
       Club              ||    39
Throw: Stone             ||    52
       Large rock        ||     6
 Cast: Corona            ||     2
  Use: Potion            ||     2
